 Dungeon Crawl Stone Soup version 0.26-a0-1126-g3318b609a0 (webtiles) character file.

Game seed: 11939406484008224283

150182 robertstho the Thaumaturge (level 17, -5/131 HPs)
             Began as a Gnoll Conjurer on Dec 16, 2020.
             Was a Priest of Sif Muna.
             Slain by a deep elf blademaster
             ... wielding a +0 rapier
              (22 damage)
             ... on level 2 of the Elven Halls on Dec 17, 2020.
             The game lasted 02:29:32 (37553 turns).

robertstho the Thaumaturge (Gnoll Conjurer)        Turns: 37553, Time: 02:29:32

Health: -5/131     AC: 14    Str: 18    XL:     17   Next: 53%
Magic:  16/33      EV: 27    Int: 28    God:    Sif Muna [***...]
Gold:   2381       SH:  0    Dex: 20    Spells: 3/40 levels left

rFire    + + .     SeeInvis .   t - +7 glaive of Forgiveness {flame, rElec rF+ Str-3 Dex+4}
rCold    + . .     Faith    .   (shield currently unavailable)
rNeg     . . .     Spirit   .   A - +1 leather armour of Absolutism {rC+}
rPois    .         Reflect  .   v - +0 helmet of Curiosity {rF+ Int+3 Stlth+}
rElec    +         Harm     .   K - +1 cloak {Will+}
rCorr    .         Rampage  .   D - +0 pair of gloves {Str+3}
Will     ++...                  T - +2 pair of boots {run}
Stlth    ++++++....             Z - amulet of the Air {Inacc +Fly rElec EV+5 RMsl}
HPRegen  0.31/turn              p - +6 ring of strength
MPRegen  0.23/turn              n - ring of Ixtem {Wiz Dex+2}

@: repel missiles, quick
A: distributed training, fangs 1, strong nose
a: Renounce Religion, Evoke Flight, Channel Magic, Forget Spell


You were on level 2 of the Elven Halls.
You worshipped Sif Muna.
Sif Muna was most pleased with you.
You visited 5 branches of the dungeon, and saw 23 of its levels.
You also visited: Trove and Ice Cave.

You collected 2840 gold pieces.
You spent 459 gold pieces at shops.

Inventory:

Hand Weapons
 t - the +7 glaive of Forgiveness (weapon) {flame, rElec rF+ Str-3 Dex+4}
   (You found it on level 3 of the Lair of Beasts)

   It has been specially enchanted to burn those struck by it, causing extra
   injury to most foes and up to half again as much damage against particularly
   susceptible opponents.
   Big, fiery blades are also staple armaments of hydra-hunters.
   It affects your strength (-3).
   It affects your dexterity (+4).
   It protects you from fire.
   It insulates you from electricity.
 w - a +1 demon blade of draining
Missiles
 U - 6 silver javelins
Armour
 l - the +2 robe of Fun and Games {rElec Int+2 Stlth+}
   (You found it on level 11 of the Dungeon)

   It affects your intelligence (+2).
   It insulates you from electricity.
   It makes you more stealthy.
 v - the +0 helmet of Curiosity (worn) {rF+ Int+3 Stlth+}
   (You found it on level 7 of the Dungeon)

   It affects your intelligence (+3).
   It protects you from fire.
   It makes you more stealthy.
 A - the +1 leather armour of Absolutism (worn) {rC+}
   (You found it in an ice cave)

   It protects you from cold.
 D - a +0 pair of gloves of strength (worn)
 K - a +1 cloak of willpower (worn)
 R - the +0 robe of Golden Tender Moments {rN+ MP+9}
   (You found it on level 8 of the Dungeon)

   It protects you from negative energy.
   It affects your magic capacity (+9).
 T - a +2 pair of boots of running (worn)
Magical Staves
 N - an uncursed staff of air
Jewellery
 b - an uncursed ring of stealth
 g - an uncursed ring of fire
 k - an uncursed ring of poison resistance
 n - the ring of Ixtem (right hand) {Wiz Dex+2}
   (You found it on level 1 of the Elven Halls)

   [ring of wizardry]

   It improves your spell success rate.
   It affects your dexterity (+2).
 p - a +6 ring of strength (left hand)
 q - an uncursed ring of see invisible
 r - a +4 ring of evasion
 B - an uncursed ring of willpower
 C - an uncursed ring of ice
 I - an uncursed ring of protection from cold
 Q - an uncursed amulet of magic regeneration
 W - the amulet "Jyubloq" {Acrobat rF+ Str+3}
   (You found it in a treasure trove)

   [amulet of the acrobat]

   It helps you evade while moving and waiting.
   It affects your strength (+3).
   It protects you from fire.
 Z - the amulet of the Air (around neck) {Inacc +Fly rElec EV+5 RMsl}
   (You found it in a treasure trove)

   [amulet of inaccuracy]

   It reduces the accuracy of all your attacks.
   It affects your evasion (+5).
   It insulates you from electricity.
   It lets you fly.
   It protects you from missiles.
Wands
 j - a wand of acid (17)
 y - a wand of paralysis (13)
 G - a wand of digging (8)
 S - a wand of iceblast (15)
Scrolls
 h - 5 scrolls of identify
 i - 2 scrolls of brand weapon
 m - 8 scrolls of teleportation
 u - 2 scrolls of magic mapping
 z - 4 scrolls of immolation
 E - 3 scrolls of holy word
 H - 5 scrolls of enchant armour
 J - 5 scrolls of enchant weapon
 M - a scroll of silence
 O - 11 scrolls of remove curse
 V - 2 scrolls of fog
Potions
 a - a potion of haste
 c - 6 potions of flight
 d - a potion of resistance
 e - 2 potions of magic
 f - 5 potions of mutation
 o - 3 potions of might
 s - 4 potions of brilliance
 x - 7 potions of curing
 F - 2 potions of berserk rage
 L - 3 potions of invisibility
 X - a potion of cancellation
Miscellaneous
 Y - a phantom mirror


   Skills:
 + Level 11.2 Fighting
 + Level 11.2 Short Blades
 + Level 11.2 Long Blades
 + Level 11.2 Axes
 + Level 11.2 Maces & Flails
 + Level 11.2 Polearms
 + Level 11.2 Staves
 + Level 11.2 Slings
 + Level 11.2 Bows
 + Level 11.2 Crossbows
 + Level 11.2 Throwing
 + Level 11.2 Armour
 + Level 12.0 Dodging
 + Level 11.9 Stealth
 + Level 11.2 Shields
 + Level 11.2 Unarmed Combat
 + Level 12.1 Spellcasting
 + Level 11.7 Conjurations
 + Level 9.5 Hexes
 + Level 9.5 Summonings
 + Level 9.5 Necromancy
 + Level 9.5 Translocations
 + Level 9.5 Transmutations
 + Level 9.5 Fire Magic
 + Level 9.5 Ice Magic
 + Level 9.5 Air Magic
 + Level 9.5 Earth Magic
 + Level 9.5 Poison Magic
 + Level 12.1 Invocations
 + Level 11.2 Evocations


You had 3 spell levels left.
You knew the following spells:

 Your Spells              Type           Power        Failure   Level
a - Magic Dart            Conj           100%         1%          1
b - Searing Ray           Conj           100%         1%          2
c - Conjure Flame         Conj/Fire      67%          1%          3
d - Dazzling Flash        Conj/Hex       100%         1%          3
e - Mephitic Cloud        Conj/Pois/Air  65%          1%          3
f - Blink                 Tloc           N/A          1%          2
g - Call Imp              Summ           63%          1%          2
h - Fulminant Prism       Conj/Hex       33%          1%          4
i - Iskenderun's Mystic   Conj/Tloc      67%          1%          4
j - Frozen Ramparts       Ice            100%         1%          3
k - Hailstorm             Conj/Ice       67%          1%          4
l - Iron Shot             Conj/Erth      33%          2%          6

Your spell library contained the following spells:

 Spells                   Type           Power        Failure   Level
 Animate Skeleton         Necr           100%         1%          1
 Apportation              Tloc           100%         1%          1
 Corona                   Hex            70%          1%          1
 Freeze                   Ice            100%         1%          1
 Shock                    Conj/Air       100%         1%          1
 Summon Small Mammal      Summ           100%         1%          1
 Corpse Rot               Necr/Air       N/A          1%          2
 Poisonous Vapours        Pois/Air       100%         1%          2
 Slow                     Hex            63%          1%          2
 Sublimation of Blood     Necr           31%          1%          2
 Swiftness                Air            63%          1%          2
 Call Canine Familiar     Summ           63%          1%          3
 Inner Flame              Hex/Fire       63%          1%          3
 Lesser Beckoning         Tloc           31%          1%          3
 Ozocubu's Armour         Ice            63%          1%          3
 Portal Projectile        Hex/Tloc       100%         1%          3
 Static Discharge         Conj/Air       67%          1%          3
 Airstrike                Air            31%          1%          4
 Cause Fear               Hex            31%          1%          4
 Leda's Liquefaction      Hex/Erth       31%          1%          4
 Sticky Flame             Conj/Fire      67%          1%          4
 Summon Ice Beast         Ice/Summ       63%          1%          4
 Summon Lightning Spire   Summ/Air       63%          1%          4
 Lightning Bolt           Conj/Air       33%          1%          5
 Summon Forest            Summ/Tloc      31%          1%          5
 Starburst                Conj/Fire      33%          2%          6
 Freezing Cloud           Conj/Ice/Air   32%          3%          6
 Orb of Destruction       Conj           35%          11%         7


Dungeon Overview and Level Annotations

Branches:
Dungeon (12/15)            Temple (1/1) D:6            Lair (6/6) D:8
  Snake (0/4) Lair:4        Slime (0/5) Lair:5          Orc (2/2) D:11
    Elf (2/3) Orc:2         IceCv (visited)
  Swamp: Lair:2-4    Shoals: Lair:2-4

Altars:
Ashenzari
Fedhas
Gozag
Makhleb
Nemelex Xobeh
Ru
Sif Muna
Vehumet
Wu Jian
Xom
The Shining One
Jiyva

Shops:
D:4 !::   D:8 *   Orc:1 [   Orc:2 **}[

Portals:
Pandemonium: Orc:2

Annotations:
Lair:6 3 runed translucent doors, Sede's ghost, journeyman HOFi


Innate Abilities, Weirdness & Mutations

Your experience applies equally to all skills.
You have very sharp teeth.
Your uncanny sense of smell can sniff out nearby items.


Message History

* * * LOW HITPOINT WARNING * * *
The deep elf blademaster completely misses you.
The deep elf blademaster misses you.
You feel better.
The deep elf blademaster hits you with a +0 rapier!
* * * LOW HITPOINT WARNING * * *
The deep elf blademaster completely misses you.
The deep elf blademaster completely misses you.
The deep elf blademaster hits you with a +0 rapier!
* * * LOW HITPOINT WARNING * * *
You feel better.
The deep elf blademaster hits you but does no damage.
The deep elf blademaster misses you.
The deep elf blademaster closely misses you.
The deep elf blademaster hits you with a +0 rapier!
* * * LOW HITPOINT WARNING * * *
You feel better.
The deep elf blademaster hits you but does no damage.
The deep elf blademaster hits you with a +0 rapier!!
You die...

#.....).########.[..### #.#
#.......# #.?##'## #.#
##.....## ##'###.## #.#
##...#'## #.# ##.###'#
##'###.## #.# ##'...## #.#
##.## #.# ##.....# #.# ##.##
#.# #.....[.
#'######.#####'####.......
#....####@##.....##.......
##.....####e#...)>###.....#
##.......####.......###...##
#.........# #.......########
#..))....[# #...............
#.........# ##.....#...#....
##'.......## #........###...
#####)##.....###########.)##
##.# ..##.####...##.......#
#...###...


You could see a deep elf blademaster.

Vanquished Creatures
  A frost giant (IceCv)
  An orc warlord (Orc:2)
  A deep elf sorcerer (Elf:1)
  2 entropy weavers
  3 catoblepae (Lair:6)
  4 hydras
  A boulder beetle (Lair:6)
  6 two-headed ogres
  An ice dragon (Lair:3)
  10 dancing weapons
  A queen ant (shapeshifter) (Elf:1)
  A queen ant (Lair:6)
  6 orc high priests
  12 death yaks
  Sonja (Lair:1)
  6 deep elf knights
  A soul eater (Orc:2)
  A skeletal warrior (D:12)
  An unseen horror (D:11)
  2 gelid demonspawn (Orc:2)
  An infernal demonspawn (Orc:2)
  2 deep elf archers (Elf:1)
  6 orc sorcerers (Orc:2)
  4 orc knights (Orc:2)
  25 deep elf magi
  2 manticores (Lair:6)
  An oklob plant (Orc:2)
  18 elephants
  2 ice statues
  2 rust devils (Orc:2)
  2 torpor snails
  3 black mambas
  Joseph (D:7)
  An orange demon (Orc:2)
  11 cane toads
  6 komodo dragons
  4 rime drakes
  A meliai (shapeshifter) (Elf:1)
  20 polar bears
  9 trolls
  6 dream sheep (Lair:3)
  Grinder (D:3)
  A snapping turtle (Lair:3)
  23 blink frogs
  2 air elementals
  A vampire (D:9)
  2 wyverns
  2 wraiths
  80 yaks
  A basilisk (shapeshifter) (Elf:2)
  A water elemental (Elf:1)
  A fire elemental (Elf:2)
  3 basilisks
  A steam dragon (Lair:4)
  2 chaos spawn (D:10)
  Edmund (D:5)
  18 soldier ants (Lair:6)
  7 wargs
  6 water moccasins
  Purgy (D:3)
  4 sky beasts
  3 black bears
  9 ice beasts
  7 ogres
  27 orc warriors
  A necrophage (D:10)
  3 phantoms
  34 wolves
  5 centaurs
  Blork the orc (D:5)
  A big kobold (D:10)
  10 bullfrogs
  2 earth elementals
  A water moccasin zombie (D:7)
  A wyvern zombie (D:8)
  2 scorpions
  3 killer bees (D:8)
  9 wights
  4 electric eels
  A lava snake (D:11)
  2 quasits
  3 centaur zombies
  6 jellies
  A bullfrog zombie (D:5)
  14 hounds
  20 orc priests
  21 orc wizards
  3 bullfrog skeletons
  2 centaur skeletons
  2 iguanas
  Crazy Yiuf (D:5)
  Jessica (D:3)
  29 worker ants
  Terence (D:2)
  Natasha (thrice) (D:3)
  2 hound zombies
  2 hound skeletons
  Robin (D:2)
  11 adders
  5 white imps
  An ufetubus (D:9)
  An ooze (D:1)
  An adder zombie (D:9)
  6 worms
  4 dart slugs
  4 leopard geckos
  62 orcs
  6 giant cockroaches
  12 goblins
  9 hobgoblins
  5 jackals
  6 kobolds
  8 quokkas
  5 ball pythons
  A ball python skeleton (D:4)
  6 bats
  10 frilled lizards
  A quokka zombie (D:5)
  7 rats
  A fire vortex (Lair:3)
  3 fulminant prisms
760 creatures vanquished.

Vanquished Creatures (collateral kills)
  A phantom (D:4)
  2 orcs (D:5)
3 creatures vanquished.

Vanquished Creatures (others)
  A deep elf sorcerer (Elf:2)
  A deep elf mage (Elf:2)
  2 polar bears (IceCv)
  A yak (IceCv)
  627 fulminant prisms
  37 fungi
  59 plants
728 creatures vanquished.

Grand Total: 1491 creatures vanquished

Notes
Turn   | Place    | Note
-------+----------+-------------------------------------------
     0 | D:1      | robertstho the Gnoll Conjurer began the quest for the Orb.
     0 | D:1      | Reached XP level 1. HP: 13/13 MP: 6/6
   305 | D:1      | Reached XP level 2. HP: 19/19 MP: 7/7
   687 | D:1      | Reached XP level 3. HP: 20/25 MP: 9/9
   798 | D:1      | Reached skill level 5 in Spellcasting
  1117 | D:2      | Reached skill level 1 in Invocations
  1738 | D:2      | Reached skill level 1 in Fighting
  1738 | D:2      | Reached skill level 1 in Short Blades
  1738 | D:2      | Reached skill level 1 in Long Blades
  1738 | D:2      | Reached skill level 1 in Axes
  1738 | D:2      | Reached skill level 1 in Maces & Flails
  1738 | D:2      | Reached skill level 1 in Polearms
  1738 | D:2      | Reached skill level 1 in Staves
  1738 | D:2      | Reached skill level 1 in Slings
  1738 | D:2      | Reached skill level 1 in Bows
  1738 | D:2      | Reached skill level 1 in Crossbows
  1738 | D:2      | Reached skill level 1 in Throwing
  1738 | D:2      | Reached skill level 1 in Armour
  1738 | D:2      | Reached skill level 1 in Shields
  1738 | D:2      | Reached skill level 1 in Unarmed Combat
  1738 | D:2      | Reached skill level 1 in Evocations
  1750 | D:2      | Found a broken altar of Ashenzari.
  1847 | D:2      | Reached XP level 4. HP: 15/32 MP: 11/11
  2235 | D:2      | Noticed Robin
  2260 | D:2      | Killed Robin
  2261 | D:2      | Reached skill level 1 in Hexes
  2261 | D:2      | Reached skill level 1 in Summonings
  2261 | D:2      | Reached skill level 1 in Necromancy
  2261 | D:2      | Reached skill level 1 in Translocations
  2261 | D:2      | Reached skill level 1 in Transmutations
  2261 | D:2      | Reached skill level 1 in Fire Magic
  2261 | D:2      | Reached skill level 1 in Ice Magic
  2261 | D:2      | Reached skill level 1 in Air Magic
  2261 | D:2      | Reached skill level 1 in Earth Magic
  2261 | D:2      | Reached skill level 1 in Poison Magic
  2388 | D:2      | Noticed Terence
  2404 | D:2      | Killed Terence
  2405 | D:2      | Reached XP level 5. HP: 29/37 MP: 12/12
  2944 | D:3      | Noticed Jessica
  2945 | D:3      | Noticed Purgy
  2958 | D:3      | Killed Jessica
  2978 | D:3      | Killed Purgy
  2979 | D:3      | Reached XP level 6. HP: 17/44 MP: 14/14
  2982 | D:3      | Learned a level 2 spell: Searing Ray
  2986 | D:3      | Learned a level 3 spell: Conjure Flame
  2990 | D:3      | Learned a level 3 spell: Dazzling Flash
  2994 | D:3      | Learned a level 3 spell: Mephitic Cloud
  2997 | D:3      | Learned a level 2 spell: Blink
  3063 | D:3      | Noticed Grinder
  3088 | D:3      | Paralysed by Grinder for 2 turns
  3095 | D:3      | Killed Grinder
  3096 | D:3      | Reached skill level 5 in Dodging
  3096 | D:3      | Reached XP level 7. HP: 5/50 MP: 11/15
  3402 | D:3      | Learned a level 2 spell: Call Imp
  3560 | D:3      | Noticed Natasha
  3567 | D:3      | Killed Natasha
  3574 | D:3      | Noticed Natasha
  3581 | D:3      | Killed Natasha
  3591 | D:3      | Noticed Natasha
  3595 | D:3      | Killed Natasha
  3677 | D:3      | Found a sacrificial altar of Ru.
  3985 | D:4      | Found Pemir's Book Shoppe.
  4222 | D:4      | Reached skill level 5 in Stealth
  4433 | D:4      | Found Inehater's Book Boutique.
  4593 | D:4      | Found Sedghun's Distillery.
  4600 | D:4      | Bought a potion of brilliance for 48 gold pieces
  4600 | D:4      | Bought a potion of mutation for 96 gold pieces
  4692 | D:4      | Found a sparkling altar of Nemelex Xobeh.
  4712 | D:5      | Entered Level 5 of the Dungeon
  4712 | D:5      | Noticed Edmund
  4730 | D:5      | Killed Edmund
  4731 | D:5      | Reached XP level 8. HP: 39/58 MP: 6/16
  4901 | D:5      | Noticed Blork the orc
  4914 | D:5      | Killed Blork the orc
  5756 | D:5      | Found a radiant altar of Vehumet.
  6243 | D:5      | Found a runed translucent door.
  6244 | D:5      | Noticed Crazy Yiuf
  6257 | D:5      | Killed Crazy Yiuf
  6435 | D:6      | Found a staircase to the Ecumenical Temple.
  6506 | Temple   | Entered the Ecumenical Temple
  6512 | Temple   | Became a worshipper of Sif Muna the Loreminder
  6552 | D:6      | Reached XP level 9. HP: 63/65 MP: 14/18
  7997 | D:7      | Reached * piety under Sif Muna
  7998 | D:7      | Reached skill level 5 in Invocations
  8483 | D:7      | Noticed Joseph
  8502 | D:7      | Killed Joseph
  8503 | D:7      | Reached XP level 10. HP: 44/73 MP: 7/20
  8668 | D:7      | Got a faintly humming helmet
  8686 | D:7      | Identified the +0 helmet of Curiosity {rF+ Int+3 Stlth+}
                  | (You found it on level 7 of the Dungeon)
  9339 | D:8      | Found a staircase to the Lair.
  9356 | D:7      | Reached skill level 5 in Fighting
  9356 | D:7      | Reached skill level 5 in Short Blades
  9356 | D:7      | Reached skill level 5 in Long Blades
  9356 | D:7      | Reached skill level 5 in Axes
  9356 | D:7      | Reached skill level 5 in Maces & Flails
  9356 | D:7      | Reached skill level 5 in Polearms
  9356 | D:7      | Reached skill level 5 in Staves
  9356 | D:7      | Reached skill level 5 in Slings
  9356 | D:7      | Reached skill level 5 in Bows
  9356 | D:7      | Reached skill level 5 in Crossbows
  9356 | D:7      | Reached skill level 5 in Throwing
  9356 | D:7      | Reached skill level 5 in Armour
  9356 | D:7      | Reached skill level 5 in Shields
  9356 | D:7      | Reached skill level 5 in Unarmed Combat
  9356 | D:7      | Reached skill level 5 in Evocations
  9437 | D:8      | Found an opulent altar of Gozag.
  9474 | D:8      | Noticed a two-headed ogre
  9489 | D:8      | Killed a two-headed ogre
  9760 | D:8      | Noticed a two-headed ogre
  9771 | D:8      | Killed a two-headed ogre
  9797 | Lair:1   | Entered Level 1 of the Lair of Beasts
  9806 | Lair:1   | Reached ** piety under Sif Muna
 10243 | D:8      | Reached XP level 11. HP: 56/81 MP: 22/22
 10372 | D:8      | Noticed a two-headed ogre
 10651 | D:8      | Got a fabulously ornate robe
 10661 | D:8      | Identified the cursed +0 robe of Golden Tender Moments {rN+
                  | MP+9} (You found it on level 8 of the Dungeon)
 11012 | D:8      | Learned a level 4 spell: Fulminant Prism
 11017 | D:8      | Learned a level 4 spell: Iskenderun's Mystic Blast
 11064 | D:8      | Found Gozag's Platinum Reserve.
 11420 | D:9      | Reached skill level 5 in Hexes
 11420 | D:9      | Reached skill level 5 in Summonings
 11420 | D:9      | Reached skill level 5 in Necromancy
 11420 | D:9      | Reached skill level 5 in Translocations
 11420 | D:9      | Reached skill level 5 in Transmutations
 11420 | D:9      | Reached skill level 5 in Fire Magic
 11420 | D:9      | Reached skill level 5 in Ice Magic
 11420 | D:9      | Reached skill level 5 in Air Magic
 11420 | D:9      | Reached skill level 5 in Earth Magic
 11420 | D:9      | Reached skill level 5 in Poison Magic
 12000 | D:9      | Reached *** piety under Sif Muna
 12313 | D:9      | Found a shimmering altar of Xom.
 12535 | D:9      | Found a shimmering altar of Xom.
 12541 | D:9      | Found a shimmering altar of Xom.
 12541 | D:9      | Found a shimmering altar of Xom.
 12628 | D:9      | Found a shimmering altar of Xom.
 12630 | D:9      | Found a shimmering altar of Xom.
 12636 | D:10     | Entered Level 10 of the Dungeon
 12836 | D:10     | Found a shimmering altar of Xom.
 12850 | D:10     | Noticed a two-headed ogre
 12862 | D:10     | Killed a two-headed ogre
 13043 | D:10     | Found the +7 mace of Variability {chain chaos}
 13289 | D:10     | Reached **** piety under Sif Muna
 13408 | D:10     | Found a portal to a secret trove of treasure.
 13568 | Trove    | Entered a treasure trove
 13597 | Trove    | Found the amulet of the Air {Inacc +Fly rElec EV+5 RMsl}
 13599 | Trove    | Got a fine pewter amulet
 13601 | Trove    | Got a twitching iron amulet
 13632 | Trove    | Identified the amulet "Jyubloq" {Acrobat rF+ Str+3} (You
                  | found it in a treasure trove)
 13645 | Trove    | Got a heavily runed buckler
 13653 | Trove    | Identified a +2 pair of boots of running (You found it in a
                  | treasure trove)
 13706 | D:10     | Identified the amulet "Orapatev" {Spirit +Blink Will- Int+2
                  | Stlth+} (You found it in a treasure trove)
 14234 | D:11     | Found a staircase to the Orcish Mines.
 14244 | D:11     | Reached XP level 12. HP: 72/89 MP: 24/24
 14498 | D:11     | Got an ominously black robe
 14508 | D:11     | Identified the +2 robe of Fun and Games {rElec Int+2
                  | Stlth+} (You found it on level 11 of the Dungeon)
 14762 | D:11     | Noticed a two-headed ogre
 15184 | D:11     | Identified the +0 buckler of the Doldrums {Rampage Dex+4}
                  | (You found it in a treasure trove)
 15234 | D:11     | Killed a two-headed ogre
 15730 | Orc:1    | Entered Level 1 of the Orcish Mines
 15962 | Orc:2    | Entered Level 2 of the Orcish Mines
 16014 | Orc:2    | Found Jiresh's Mayhem Merchandise.
 16711 | Orc:2    | Found Agir Meo's General Store.
 16712 | Orc:2    | Found Xiros's General Store.
 17201 | Orc:2    | Bought a scroll of enchant armour for 105 gold pieces
 17201 | Orc:2    | Bought a scroll of blinking for 105 gold pieces
 17213 | Orc:2    | Bought a scroll of identify for 28 gold pieces
 17213 | Orc:2    | Bought a scroll of fear for 49 gold pieces
 17213 | Orc:2    | Bought a scroll of identify for 28 gold pieces
 17220 | Orc:2    | Reached XP level 13. HP: 98/98 MP: 18/26
 17221 | Orc:2    | Reached skill level 10 in Conjurations
 17221 | Orc:2    | Reached XP level 14. HP: 106/106 MP: 18/27
 17976 | Orc:2    | Found a staircase to the Elven Halls.
 18364 | Orc:2    | Reached skill level 10 in Spellcasting
 18878 | Orc:2    | Reached skill level 10 in Dodging
 18878 | Orc:2    | Reached XP level 15. HP: 105/112 MP: 19/29
 19331 | Orc:2    | Reached skill level 10 in Stealth
 19427 | Orc:2    | Found Qosoy's Gadget Boutique.
 19427 | Orc:2    | Found a one-way gate leading to the halls of Pandemonium.
 19427 | Orc:2    | Found Ladow's Antique Armour Shop.
 19493 | Orc:1    | Noticed an orc warlord
 19514 | Orc:2    | HP: 4/113 [orc warlord/+0 battleaxe of electrocution (30)]
 19551 | Orc:2    | Killed an orc warlord
 19815 | Orc:2    | Learned a level 3 spell: Frozen Ramparts
 19820 | Orc:2    | Learned a level 4 spell: Hailstorm
 19825 | Orc:1    | Reached skill level 10 in Invocations
 20350 | Orc:1    | Found Plog's Antique Armour Emporium.
 20937 | Lair:1   | Noticed Sonja
 20949 | Lair:1   | Killed Sonja
 24581 | Lair:3   | Got a bone glaive
 24581 | Lair:3   | Identified the +7 glaive of Forgiveness {flame, rElec rF+
                  | Str-3 Dex+4} (You found it on level 3 of the Lair of
                  | Beasts)
 25251 | Lair:4   | Found a staircase to the Snake Pit.
 25524 | Lair:5   | Reached XP level 16. HP: 90/122 MP: 22/31
 25723 | Lair:5   | Found a staircase to the Slime Pits.
 25723 | Lair:5   | Found a viscous altar of Jiyva.
 25944 | Lair:5   | Reached skill level 10 in Fighting
 25944 | Lair:5   | Reached skill level 10 in Short Blades
 25944 | Lair:5   | Reached skill level 10 in Long Blades
 25944 | Lair:5   | Reached skill level 10 in Axes
 25944 | Lair:5   | Reached skill level 10 in Maces & Flails
 25944 | Lair:5   | Reached skill level 10 in Polearms
 25944 | Lair:5   | Reached skill level 10 in Staves
 25944 | Lair:5   | Reached skill level 10 in Slings
 25944 | Lair:5   | Reached skill level 10 in Bows
 25944 | Lair:5   | Reached skill level 10 in Crossbows
 25944 | Lair:5   | Reached skill level 10 in Throwing
 25944 | Lair:5   | Reached skill level 10 in Armour
 25944 | Lair:5   | Reached skill level 10 in Shields
 25944 | Lair:5   | Reached skill level 10 in Unarmed Combat
 25944 | Lair:5   | Reached skill level 10 in Evocations
 26230 | Lair:6   | Entered Level 6 of the Lair of Beasts
 26260 | Lair:6   | Reached ***** piety under Sif Muna
 26653 | Lair:6   | Found a frozen archway.
 26659 | IceCv    | Entered an ice cave
 26660 | IceCv    | Upgraded the game from 0.26-a0-1107-g6118521029 to
                  | 0.26-a0-1126-g3318b609a0
 26881 | IceCv    | Got a slimy leather armour
 26906 | IceCv    | Identified Sif Muna's Grimoire of Hurtful Stolen Souls (Sif
                  | Muna gifted it to you in an ice cave)
 26906 | IceCv    | Received a gift from Sif Muna
 28454 | IceCv    | Identified the +1 leather armour of Absolutism {rC+} (You
                  | found it in an ice cave)
 30802 | Lair:6   | Found a runed translucent gate.
 30802 | Lair:6   | Found a runed translucent gate.
 30803 | Lair:6   | Found a runed translucent gate.
 30804 | Lair:6   | Noticed Sede's ghost (journeyman HOFi)
 30816 | Lair:6   | Found a viscous altar of Jiyva.
 33449 | Elf:1    | Entered Level 1 of the Elven Halls
 33728 | Elf:1    | Identified Buixiuf's Disquisition on Displacement and
                  | Confrontation
 34198 | Elf:1    | Reached XP level 17. HP: 84/130 MP: 32/32
 34448 | Elf:1    | Got a steaming brass ring
 34450 | Elf:1    | Identified the ring of Ixtem {Wiz Dex+2} (You found it on
                  | level 1 of the Elven Halls)
 34459 | Elf:1    | Learned a level 6 spell: Iron Shot
 35469 | Elf:1    | Identified the Guide on Attacks and Creation
 36763 | Elf:2    | Found a runed translucent gate.
 36763 | Elf:2    | Found a runed translucent gate.
 36764 | Elf:2    | Found a runed translucent gate.
 37527 | Elf:2    | Noticed a deep elf blademaster
 37551 | Elf:2    | HP: 5/131 [deep elf blademaster/+0 rapier (15)]
 37553 | Elf:2    | Slain by a deep elf blademaster

Illustrated notes

Levels and vault maps discovered:
D:1:      elethiomel_arrival_quiet, layout_basic
D:2:      layout_basic, overflow_temple_1_default, uniq_terence, uniq_robin
D:3:      layout_basic, nicolae_ru_the_path_less_chosen, uniq_purgy,
          uniq_jessica, uniq_grinder, uniq_natasha
D:4:      minmay_general_purpose_star, layout_basic, kennysheep_mini,
          serial_shops, shop, shop, shop
D:5:      layout_basic, nicolae_overflow_hidden_temple, uniq_crazy_yiuf_cottage,
          uniq_blork_the_orc, uniq_edmund
D:6:      layout_rooms, minmay_temple_entry_waves
D:7:      layout_layer_cave, feat_on_display, uniq_joseph
D:8:      layout_layer_cave, nicolae_gozag_zags_fifth_avenue, erik_lair_island
D:9:      layout_roguey, xom_shifter_show
D:10:     layout_roguey, nicolae_trove_entry_crystal,
          minmay_guarded_unrand_variability
D:11:     layout_stronghold, minmay_orc_entry_guard_dogs,
          kennysheep_opposing_triangles
D:12:     layout_rooms
Temple:   eino_temple_rhombus
Lair:1:   layout_gridlike, uniq_sonja
Lair:2:   layout_concentric_octagons, serial_bayou_pond_e, grunt_megastairs_2
Lair:3:   layout_gridlike, minmay_shoals_entry_hut, ice2_lemuel
Lair:4:   layout_roguey, dummy_snake_entry, fungi_pond_lemuel,
          grunt_megastairs_5
Lair:5:   layout_gridlike, slime_altar_1
Lair:6:   evilmike_catoblepas_cave, layout_long_grid, portal_ice_cave_rime,
          gammafunk_ghost_ooze, zaba_anthell
Orc:1:    layout_caves, serial_shops, nicolae_shop_overgrown_old_shop
Orc:2:    pf_orc_diabolical, layout_diamond_mine, minmay_shop_mayhem,
          nicolae_orc_rockfall, mines3_lemuel
Elf:1:    layout_loops_corners, minmay_elf_sorcery
Elf:2:    layout_geoelf_octagon

Skill      XL: |  1  2  3  4  5  6  7  8  9 10 11 12 13 14 15 16 17 |
---------------+----------------------------------------------------+-----
Spellcasting   | 5 6 7 8 9 10 11 12 | 12.1
Invocations    | 1 2 3 4 5 6 7 8 9 10 11 12 | 12.1
Fighting       | 1 2 3 4 5 6 8 9 10 11 | 11.2
Short Blades   | 1 2 3 4 5 6 8 9 10 11 | 11.2
Long Blades    | 1 2 3 4 5 6 8 9 10 11 | 11.2
Axes           | 1 2 3 4 5 6 8 9 10 11 | 11.2
Maces & Flails | 1 2 3 4 5 6 8 9 10 11 | 11.2
Polearms       | 1 2 3 4 5 6 8 9 10 11 | 11.2
Staves         | 1 2 3 4 5 6 8 9 10 11 | 11.2
Slings         | 1 2 3 4 5 6 8 9 10 11 | 11.2
Bows           | 1 2 3 4 5 6 8 9 10 11 | 11.2
Crossbows      | 1 2 3 4 5 6 8 9 10 11 | 11.2
Throwing       | 1 2 3 4 5 6 8 9 10 11 | 11.2
Armour         | 1 2 3 4 5 6 8 9 10 11 | 11.2
Shields        | 1 2 3 4 5 6 8 9 10 11 | 11.2
Unarmed Combat | 1 2 3 4 5 6 8 9 10 11 | 11.2
Evocations     | 1 2 3 4 5 6 8 9 10 11 | 11.2
Hexes          | 1 2 3 4 5 6 7 8 9 |  9.5
Summonings     | 1 2 3 4 5 6 7 8 9 |  9.5
Necromancy     | 1 2 3 4 5 6 7 8 9 |  9.5
Translocations | 1 2 3 4 5 6 7 8 9 |  9.5
Transmutations | 1 2 3 4 5 6 7 8 9 |  9.5
Fire Magic     | 1 2 3 4 5 6 7 8 9 |  9.5
Ice Magic      | 1 2 3 4 5 6 7 8 9 |  9.5
Air Magic      | 1 2 3 4 5 6 7 8 9 |  9.5
Earth Magic    | 1 2 3 4 5 6 7 8 9 |  9.5
Poison Magic   | 1 2 3 4 5 6 7 8 9 |  9.5
Dodging        | 5 6 7 8 9 10 11 12 | 12.0
Stealth        | 5 6 7 8 9 10 11 | 11.9
Conjurations   | 8 9 10 11 | 11.7

Action                   |  1- 3 |  4- 6 |  7- 9 | 10-12 | 13-15 | 16-18 || total
-------------------------+-------+-------+-------+-------+-------+-------++-------
Melee: Short sword       |    15 |       |       |       |       |       ||    15
       Bite              |     8 |    10 |    46 |    28 |    11 |    16 ||   119
       Spear             |    25 |       |       |       |       |       ||    25
       Dagger            |    74 |   149 |   412 |    28 |       |       ||   663
       Trident           |       |       |    17 |       |       |       ||    17
       Punch             |       |       |     2 |     1 |       |       ||     3
       Great sword       |       |       |    17 |    81 |       |       ||    98
       Staff             |       |       |       |     6 |       |       ||     6
       Great mace        |       |       |       |   107 |    14 |       ||   121
       Glaive            |       |       |       |       |    39 |   105 ||   144
 Fire: Shortbow          |       |       |       |    41 |       |       ||    41
 Cast: Magic Dart        |     6 |     1 |       |       |     2 |       ||     9
       Dazzling Flash    |       |     1 |    10 |    21 |     8 |     5 ||    45
       Call Imp          |       |       |    18 |     2 |       |     1 ||    21
       Searing Ray       |       |       |    18 |    36 |    28 |    51 ||   133
       Fulminant Prism   |       |       |       |    82 |   238 |   311 ||   631
       Iskenderun's Myst |       |       |       |    10 |    14 |    57 ||    81
       Hailstorm         |       |       |       |       |     7 |     8 ||    15
       Frozen Ramparts   |       |       |       |       |     7 |     4 ||    11
       Mephitic Cloud    |       |       |       |       |     2 |    11 ||    13
       Iron Shot         |       |       |       |       |       |     5 ||     5
Invok: Channel Magic     |       |       |       |     1 |     5 |    15 ||    21
  Use: Scroll            |       |     3 |    15 |     9 |     7 |    10 ||    44
       Potion            |       |       |     1 |     2 |     4 |     4 ||    11
 Stab: Sleeping          |     7 |     2 |    16 |     6 |     1 |     5 ||    37
       Distracted        |       |       |     3 |     1 |       |     2 ||     6
       Invisible         |       |       |     6 |     5 |       |       ||    11
       Paralysed         |       |       |       |     1 |       |       ||     1
Armor: Robe              |    20 |    27 |    63 |    51 |    15 |    25 ||   201
       Leather armour    |       |       |       |       |       |    53 ||    53
Dodge: Dodged            |    90 |   141 |   385 |   441 |   172 |   432 ||  1661
       Repelled          |       |       |       |     1 |     1 |     4 ||     6
       Rpst.: Great sword |       |       |     6 |    45 |       |       ||    51

Table legend: (Time is in decaauts)
 A = Elapsed time spent in this place.
 B = Non-inter-level travel time spent in this place.
 C = Inter-level travel time spent in this place.
 D = Time resting spent in this place.
 E = Time spent auto-exploring this place.
 F = Levels seen in this place.
 G = Mean time per level.
                   A        B        C        D        E       F      G
               +--------+--------+--------+--------+--------+-----+--------+
         Total |  36590 |  35506 |   1084 |   7046 |  22049 |  25 | 1463.6 |
       Dungeon |  15561 |  14919 |    642 |    892 |  11210 |  12 | 1296.8 |
        Temple |     12 |      6 |      6 |      0 |      0 |   1 |   12.0 |
          Lair |  10463 |  10216 |    247 |   3609 |   5070 |   6 | 1743.8 |
  Orcish Mines |   4698 |   4530 |    168 |   1193 |   2543 |   2 | 2349.0 |
   Elven Halls |   3940 |   3921 |     19 |    654 |   2591 |   2 | 1970.0 |
         Trove |    126 |    126 |      0 |      0 |     70 |   1 |  126.0 |
      Ice Cave |   1787 |   1787 |      0 |    698 |    563 |   1 | 1787.0 |
               +--------+--------+--------+--------+--------+-----+--------+

Top non-repeatable levels by time:
   Orc:2: 3779 daAuts
  Lair:6: 3602 daAuts
  Lair:5: 2197 daAuts
     D:7: 2065 daAuts
   Elf:1: 2020 daAuts
     D:8: 1953 daAuts
   Elf:2: 1919 daAuts
   IceCv: 1787 daAuts
     D:2: 1721 daAuts
    D:11: 1602 daAuts
     D:5: 1600 daAuts
  Lair:3: 1524 daAuts
     D:9: 1378 daAuts
  Lair:2: 1171 daAuts
  Lair:1: 1141 daAuts
